 Dungeon Crawl Stone Soup version 0.27-a0-1105-g946c659c87 (webtiles) character file.

Game seed: 7095722912337141879

651 reriks the Magician (level 7, -11/49 HPs)
             Began as a Djinni Fire Elementalist on Apr 29, 2021.
             Mangled by Blork the orc
             ... wielding a +1 trident of protection
              (15 damage)
             ... on level 5 of the Dungeon.
             The game lasted 00:10:19 (10403 turns).

reriks the Magician (Djinni Fire Elementalist)     Turns: 10403, Time: 00:10:20

Health: -11/49     AC:  3    Str:  7    XL:     7   Next: 53%
Gold:   106        EV: 13    Int: 19    God:
                   SH:  0    Dex: 13

rFire    + + .     SeeInvis .   h - +0 dagger (venom)
rCold    x . .     Faith    .   (no shield)
rNeg     . . .     Spirit   .   a - +0 robe
rPois    ∞         Reflect  .   b - +0 helmet
rElec    .         Harm     .   (no cloak)
rCorr    .         Rampage  .   (no gloves)
Will     .....                  (boots unavailable)
Stlth    ++........             (no amulet)
HPRegen  0.16/turn              (no ring)
MPRegen  0.00/turn              (no ring)

@: flying
A: fire resistance 2, cold vulnerability 1, float, innate caster, hp casting,
extra vitality 1
a: no special abilities


You were on level 5 of the Dungeon.
You visited 1 branch of the dungeon, and saw 5 of its levels.

You collected 106 gold pieces.

Inventory:

Hand Weapons
 d - a +2 dagger of speed
 h - a +0 dagger of venom (weapon)
 j - a +2 vampiric whip
 m - a +0 short sword of protection
Armour
 a - a +0 robe (worn)
 b - a +0 helmet (worn)
 u - the +11 gold dragon scales "Tuschitto" {rPois rF+ rC+ Will++ Str-4}
   (You found it on level 4 of the Dungeon)

   It affects your strength (-4).
   It protects you from fire.
   It protects you from cold.
   It protects you from poison.
   It greatly increases your willpower.
Jewellery
 p - a ring of protection from cold
Wands
 r - a wand of paralysis (7)
Scrolls
 c - a scroll of amnesia {unknown}
 f - 2 scrolls of noise {unknown}
 g - a scroll of teleportation {unknown}
 i - a scroll of silence {unknown}
 l - a scroll of blinking {unknown}
 n - 2 scrolls of identify {unknown}
 o - a scroll of holy word {unknown}
 s - a scroll of enchant weapon {unknown}
Potions
 e - 4 potions of heal wounds {unknown}
 k - a potion of curing {unknown}
 q - 2 potions of brilliance {unknown}
 t - a potion of might {unknown}


   Skills:
 + Level 2.3 Fighting
 + Level 1.4 Armour
 + Level 4.4 Dodging
 + Level 3.5 Stealth
 * Level 5.0 Spellcasting


You couldn't memorise any spells.
You knew the following spells:

 Your Spells              Type           Power      Damage    Failure   Level
a - Foxfire               Conj/Fire      96%        2x1d8     1%          1
b - Conjure Flame         Conj/Fire      24%        6-21      4%          3
c - Inner Flame           Hex/Fire       24%        N/A       4%          3
d - Sticky Flame          Conj/Fire      24%        2d5       16%         4
e - Fireball              Conj/Fire      12%        3d7       38%         5
f - Apportation           Tloc           48%        N/A       1%          1
g - Poisonous Vapours     Pois/Air       48%        N/A       2%          2
h - Call Imp              Summ           24%        N/A       2%          2
Your spell library was empty.

Dungeon Overview and Level Annotations

Branches:
Dungeon (5/15)
 Temple: D:4-7

Altars:
Elyvilon
Fedhas
Hepliaklqana
Xom

Annotations:
D:4 4 runed translucent doors
D:5 Blork the orc


Innate Abilities, Weirdness & Mutations

You are immune to poison.
Your flesh is very heat resistant. (rF++)
You are vulnerable to cold. (rC-)
You float through the air rather than walking.
You learn spells naturally, not from books.
Your magical power is your life essence.
You have superior vitality. (+4 HP)


Message History

You conjure some foxfire!
The water moccasin skeleton bites you. Blork the orc misses you.
Casting: Foxfire (safe; 1% risk of failure)
Press: ? - help, Q - select action, (/) - cycle Dir - look around, f - activate You conjure some foxfire!
The foxfire hits Blork the orc.
Blork the orc is moderately wounded.
The foxfire hits Blork the orc but does no damage.
Blork the orc is moderately wounded.
The water moccasin skeleton misses you.
Blork the orc gestures wildly while chanting.
Blork the orc seems to speed up.
The water moccasin skeleton barely misses you.
Casting: Foxfire (safe; 1% risk of failure)
Press: ? - help, Q - select action, (/) - cycle Dir - look around, f - activate You conjure some foxfire!
The foxfire hits Blork the orc.
Blork the orc is heavily wounded.
Blork the orc barely misses you. The water moccasin skeleton bites you!
Casting: Foxfire (safe; 1% risk of failure)
Press: ? - help, Q - select action, (/) - cycle Dir - look around, f - activate You conjure some foxfire!
The foxfire hits Blork the orc.
Blork the orc is heavily wounded.
The foxfire hits Blork the orc.
Blork the orc is severely wounded.
Blork the orc hits you from afar with a +1 trident of protection!
The water moccasin skeleton barely misses you.
Blork the orc points at you and mumbles some strange words.
The puff of frost hits you!
You feel a terrible chill!
* * * LOW HITPOINT WARNING * * *
Casting: Foxfire (safe; 1% risk of failure)
Press: ? - help, Q - select action, (/) - cycle Dir - look around, f - activate You conjure some foxfire!
* * * LOW HITPOINT WARNING * * *
The foxfire hits Blork the orc.
Blork the orc is severely wounded.
The water moccasin skeleton misses you.
Blork the orc hits you from afar with a +1 trident of protection!
You die...

##########.#
##.##@Z...<..
#<#..vv.....#
##.##o####..#
#.##.# #
#.##.# #.##.#
#.##.# #.##.#
#.# .#


You could see Blork the orc (fast, ally target) and a water moccasin skeleton
(ally target).

Vanquished Creatures
  A steam dragon (D:4)
  A killer bee (D:4)
  A jelly (D:4)
  An orc priest (D:2)
  A hound (D:4)
  Jessica (D:2)
  3 orc wizards
  A killer bee zombie (D:3)
  8 gnolls
  2 howler monkey skeletons (D:3)
  3 adders
  2 ufetubi (D:4)
  2 adder skeletons
  A dart slug (D:4)
  11 orcs
  13 ball pythons
  4 bats
  8 endoplasms
  3 giant cockroaches (D:1)
  11 goblins
  12 hobgoblins
  12 jackals
  11 kobolds
  A quokka (D:3)
  2 frilled lizards
  8 rats
124 creatures vanquished.

Vanquished Creatures (others)
  633 foxfires
  A withered plant (D:3)
634 creatures vanquished.

Grand Total: 758 creatures vanquished

Notes
Turn   | Place    | Note
-------+----------+-------------------------------------------
     0 | D:1      | reriks the Djinni Fire Elementalist began the quest for the
                  | Orb.
     0 | D:1      | Reached XP level 1. HP: 15/15 MP: 0/0
  1106 | D:1      | Reached XP level 2. HP: 17/21 MP: 0/0
  1676 | D:1      | Reached skill level 3 in Spellcasting
  3673 | D:1      | Reached XP level 3. HP: 22/25 MP: 0/0
  3673 | D:1      | Learned a level 1 spell: Apportation
  4930 | D:1      | Found a faded altar of an unknown god.
  5000 | D:1      | Glimpsed the power of Zot.
  5500 | D:1      | Glimpsed the power of Zot.
  5704 | D:2      | Reached XP level 4. HP: 22/31 MP: 0/0
  5783 | D:2      | Reached XP level 5. HP: 23/35 MP: 0/0
  5783 | D:2      | Learned a level 2 spell: Poisonous Vapours
  6188 | D:2      | Reached skill level 4 in Spellcasting
  6474 | D:2      | Noticed Jessica
  6477 | D:2      | Killed Jessica
  6965 | D:3      | Reached skill level 1 in Fighting
  6965 | D:3      | Reached XP level 6. HP: 39/42 MP: 0/0
  8599 | D:4      | Found a white marble altar of Elyvilon.
  8604 | D:4      | Found a shimmering altar of Xom.
  8608 | D:4      | Found a blossoming altar of Fedhas.
  8611 | D:4      | Found a hazy altar of Hepliaklqana.
  8730 | D:4      | Found a large runed translucent door.
  8732 | D:4      | Found a large runed translucent door.
  8732 | D:4      | Found a large runed translucent door.
  8739 | D:4      | Found a large runed translucent door.
  8756 | D:4      | Noticed an acid dragon
  8756 | D:4      | Noticed a yak
  9220 | D:4      | Reached XP level 7. HP: 30/48 MP: 0/0
  9220 | D:4      | Learned a level 2 spell: Call Imp
  9531 | D:4      | Reached skill level 1 in Armour
  9961 | D:4      | Noticed a steam dragon
  9983 | D:4      | Killed a steam dragon
  9984 | D:4      | Reached skill level 5 in Spellcasting
 10254 | D:4      | Identified the +11 gold dragon scales "Tuschitto" {rPois
                  | rF+ rC+ Will++ Str-4}
 10390 | D:5      | Entered Level 5 of the Dungeon
 10393 | D:5      | Noticed Blork the orc
 10403 | D:5      | Mangled by Blork the orc

Illustrated notes

Levels and vault maps discovered:
D:1:      erik_arrival_triangle_small, layout_loops_cross,
          basic_ecumenical_altar
D:2:      layout_rooms, uniq_jessica
D:3:      layout_basic, serial_undead, serial_undead_e, serial_undead_b,
          serial_undead_f, serial_undead_c, corexii_hall_statues_t,
          minmay_strange_pillars
D:4:      layout_basic, minitemple, minmay_hollow_rounded_squares
D:5:      cheibrodos_two_vegetables, layout_loops_ring, kennysheep_little_box,
          minmay_temple_entry_stoned_glass, nrook_loot_triangle,
          chequers_garden, uniq_duvessa, uniq_pikel, uniq_blork_the_orc,
          uniq_edmund

Skill      XL: |  1  2  3  4  5  6  7 |
---------------+----------------------+-----
Spellcasting   | 3 4 5 |  5.0
Stealth        | 2 3 |  3.5
Dodging        | 3 4 |  4.4
Fighting       | 1 2 |  2.3
Armour         | 1 |  1.4

Action                   |  1- 3 |  4- 6 |  7- 9 || total
-------------------------+-------+-------+-------++-------
Melee: Dagger            |       |     2 |       ||     2
 Cast: Foxfire           |   147 |   194 |    41 ||   382
Armor: Robe              |     2 |     2 |     1 ||     5
Dodge: Dodged            |    10 |    15 |    15 ||    40

Table legend: (Time is in decaauts)
 A = Elapsed time spent in this place.
 B = Non-inter-level travel time spent in this place.
 C = Inter-level travel time spent in this place.
 D = Time resting spent in this place.
 E = Time spent auto-exploring this place.
 F = Levels seen in this place.
 G = Mean time per level.
                   A        B        C        D        E       F      G
               +--------+--------+--------+--------+--------+-----+--------+
         Total |  10401 |  10262 |    139 |   6219 |   3006 |   5 | 2080.2 |
       Dungeon |  10401 |  10262 |    139 |   6219 |   3006 |   5 | 2080.2 |
               +--------+--------+--------+--------+--------+-----+--------+

Top non-repeatable levels by time:
     D:1: 5555 daAuts
     D:4: 2034 daAuts
     D:3: 1562 daAuts
     D:2: 1236 daAuts
     D:5: 12 daAuts
